 Dungeon Crawl Stone Soup version 0.27.0-1-g7a089689b8 (webtiles) character file.

Game seed: 14469572414335077735

199305 mhtbhm the Impregnable (level 17, -1/165 HPs)
             Began as a Minotaur Berserker on Aug 1, 2021.
             Was the Champion of Trog.
             Slain by a nagaraja (19 damage)
             ... on level 4 of the Snake Pit on Aug 2, 2021.
             The game lasted 00:54:58 (37486 turns).

mhtbhm the Impregnable (Minotaur Berserker)        Turns: 37486, Time: 00:54:58

Health: -1/165     AC: 34    Str: 33    XL:     17   Next: 84%
Magic:  16/16      EV: 13    Int:  6    God:    Trog [******]
Gold:   2376       SH:  5    Dex: 18    Spells: 16/16 levels left

rFire    . . .     SeeInvis .   a - +7 dire flail "Lotus" {vorpal, Int+2 Dex+2}
rCold    + . .     Faith    .   (shield currently unavailable)
rNeg     . . .     Spirit   .   b - +3 chain mail {rPois}
rPois    +         Reflect  +   h - +2 hat of Moxehax {Str+2 Dex+4}
rElec    .         Harm     .   J - +0 cloak {rC+}
rCorr    .         Rampage  .   M - +2 pair of gloves
Will     ++...                  p - +2 pair of boots
Stlth    ..........             D - amulet of reflection
HPRegen  0.37/turn              z - ring "Gieci" {Will+ Str+4}
MPRegen  0.15/turn              G - +4 ring of protection

@: on berserk cooldown, slowed, constricted, very slow
A: horns 2, retaliatory headbutt
}: 1/15 runes: decaying
a: Renounce Religion, Berserk, Trog's Hand, Brothers in Arms


You were on level 4 of the Snake Pit.
You worshipped Trog.
Trog was exalted by your worship.
You visited 5 branches of the dungeon, and saw 29 of its levels.
You also visited: Sewer, Gauntlet, Ice Cave and Volcano.

You collected 2773 gold pieces.
You spent 397 gold pieces at shops.

Inventory:

Hand Weapons
 a - the +7 dire flail "Lotus" (weapon) {vorpal, Int+2 Dex+2}
   (You bought it in a shop on level 2 of the Orcish Mines)

   It inflicts extra damage upon your enemies.
   Int:       It affects your intelligence (+2).
   Dex:       It affects your dexterity (+2).
 E - the +9 demon whip of Dominance {flame, Will+}
   (You found it on level 9 of the Dungeon)

   It burns those it strikes, dealing additional fire damage.
   Will:      It increases your willpower.
Missiles
 k - 3 throwing nets
 l - 11 atropa-tipped darts
 q - 6 curare-tipped darts (quivered)
 N - 12 javelins
Armour
 b - a +3 chain mail of poison resistance (worn)
 h - the +2 hat of Moxehax (worn) {Str+2 Dex+4}
   (You found it in a Gauntlet)

   Str:       It affects your strength (+2).
   Dex:       It affects your dexterity (+4).
 p - a +2 pair of boots (worn)
 J - a +0 cloak of cold resistance (worn)
 M - a +2 pair of gloves (worn)
 W - a +2 kite shield of fire resistance
Jewellery
 z - the ring "Gieci" (left hand) {Will+ Str+4}
   (You found it in a Gauntlet)

   [ring of willpower]

   Str:       It affects your strength (+4).
   Will:      It increases your willpower.
 D - an amulet of reflection (around neck)
 G - a +4 ring of protection (right hand)
 L - the ring "Ruhicsa Rigo" {Fire Str+5 Stlth-}
   (You found it in a Gauntlet)

   [ring of fire]

   It enhances your fire magic.
   Str:       It affects your strength (+5).
   rF:        It protects you from fire.
   rC:        It makes you vulnerable to cold.
   Stlth:     It makes you less stealthy.
Wands
 c - a wand of paralysis (37)
 i - a wand of flame (16)
 m - a wand of iceblast (8)
 x - a wand of digging (11)
 B - a wand of polymorph (9)
 K - a wand of acid (1)
 P - a wand of mindburst (33)
Scrolls
 g - 9 scrolls of teleportation
 j - 6 scrolls of immolation
 r - 3 scrolls of fear
 u - 2 scrolls of silence
 y - 5 scrolls of enchant armour
 A - 4 scrolls of magic mapping
 C - 2 scrolls of blinking
 F - a scroll of enchant weapon
 I - 4 scrolls of identify
 O - 3 scrolls of fog
 R - 2 scrolls of holy word
Potions
 d - 6 potions of flight
 e - 5 potions of heal wounds
 f - 6 potions of curing
 n - a potion of ambrosia
 o - 6 potions of cancellation
 t - 5 potions of attraction
 v - 5 potions of mutation
 w - 6 potions of haste
 Q - 2 potions of resistance
 S - a potion of magic
 U - 3 potions of berserk rage
Miscellaneous
 s - a phantom mirror
 V - a lightning rod (4/4)


   Skills:
 + Level 18.3 Fighting
 + Level 13.5(17.2) Axes
 + Level 17.7(19.2) Maces & Flails
 + Level 0.1 Throwing
 * Level 21.3 Armour
 + Level 10.5 Dodging
 - Level 4.4 Stealth
 + Level 9.8 Shields
 + Level 3.1 Evocations


You had 16 spell levels left.
You didn't know any spells.
Your spell library was empty.

Dungeon Overview and Level Annotations

Branches:
Dungeon (15/15)            Temple (0/1) D:5            Lair (4/6) D:10
  Swamp (4/4) Lair:3        Snake (4/4) Lair:4          Orc (2/2) D:12
    Elf (0/3) Orc:2        Vaults (0/5) D:13          Sewer (visited)
  IceCv (visited)         Volcano (visited)         Gauntlet (visited)
 Depths: D:15

Altars:
Ashenzari
Dithmenos
Gozag
Kikubaaqudgha
Nemelex Xobeh
Okawaru
Sif Muna
Uskayaw
Vehumet
Xom
The Shining One
Beogh

Shops:
D:2 [   D:5 !   D:9 *   D:10 (   Orc:1 :   Orc:2 :(*??   Snake:2 ?

Portals:
Pandemonium: Orc:2

Annotations:
Snake:2 Aizul, Asterion, Vashnia


Innate Abilities, Weirdness & Mutations

You have a pair of horns on your head.
You reflexively headbutt those who attack you in melee.


Message History

The nagaraja constricts you.
The naga warrior roars a battlecry!
The nagaraja goes into a battle-frenzy!
Your cyclops rages.
Unknown command.
You feel better.
The nagaraja hits you with a +1 vorpal spear!!
* * * LOW HITPOINT WARNING * * *
x3 The nagaraja constricts you.
The nagaraja hits you but does no damage.
* * * LOW HITPOINT WARNING * * *
The nagaraja constricts you. The naga warrior misses you.
You furiously retaliate!
You headbutt the naga warrior!
The naga warrior hits your cyclops with a +0 battleaxe!!
Your cyclops closely misses the nagaraja.
The nagaraja casts a spell at you. The poison arrow hits you.
You are poisoned.
You partially resist.
* * * LOW HITPOINT WARNING * * *
x2 The nagaraja constricts you.
Unknown command.
You feel much better.
You feel very sick.
The naga warrior hits you with a +0 battleaxe!
* * * LOW HITPOINT WARNING * * *
The naga warrior hits your cyclops with a +0 battleaxe!
Your cyclops dies!
Your cyclops's corpse disappears in a puff of smoke!
The nagaraja casts a spell at you.
The bolt of poison hits you but does no damage.
You are lethally poisoned!
You resist.
* * * LOW HITPOINT WARNING * * *
The nagaraja constricts you. The naga warrior closely misses you.
The nagaraja misses you. You furiously retaliate!
You headbutt the nagaraja. The nagaraja constricts you.
You feel better.
The nagaraja hits you with a +1 vorpal spear!!
You die...

# ♣♣♣...## #...#.##
..♣♣≈....# #..#..###
........## ##......##
........# ##..##.#...
........#### ##.#####....
...........###.## ##...#
.....##.....#### #..#.#
..... ##§N'## ######.###.
....# #N@)..# #.....## ##
...##...≈†≈...##....####.
##.#.#..≈≈≈..#.#....##...
# #..≈≈≈..# #....##...
#..≈≈≈..# #....##...
...≈≈≈...##....##...
###.....###.....##...
##+#+## #####.##...
##.....


You could see a naga warrior and a nagaraja (fast, strong, poisoned).

Vanquished Creatures
  A tentacled monstrosity (Swamp:1)
  Rupert (Lair:4)
  2 thorn hunters
  A nagaraja (Snake:3)
  Frances (Swamp:2)
  An azure jelly (Swamp:4)
  A fenstrider witch (Swamp:1)
  The ghost of Amet the Severer, a journeyman MiBe of Trog (Swamp:1)
  The ghost of Necsenou the Fighter, a journeyman GnWn of Gozag (Orc:1)
  4 bunyips
  A minotaur (Gauntlet)
  A fire dragon (Volcano)
  A shambling mangrove (Swamp:3)
  7 eleionomae
  15 hydras
  3 boulder beetles
  3 ice dragons (Swamp:4)
  12 naga warriors
  An ogre mage (D:13)
  A ghost crab (Swamp:2)
  A centaur warrior (D:14)
  6 anacondas
  10 two-headed ogres
  16 alligators
  A tengu warrior (D:13)
  9 naga sharpshooters
  A spriggan berserker (Swamp:2)
  The ghost of SweetAndFullOfGrace the Cleaver, a novice MiBe of Trog (D:8)
  4 shock serpents
  7 orc high priests
  Sonja (D:10)
  A deep elf knight (D:13)
  10 spriggans
  2 salamander mystics (Snake:3)
  2 fire crabs (Gauntlet)
  A sixfirhy (Gauntlet)
  A skeletal warrior (D:13)
  A death drake (Swamp:4)
  6 goliath frogs
  A torturous demonspawn (Orc:2)
  2 gelid demonspawn (Orc:2)
  2 spriggan druids
  8 swamp dragons
  11 sea snakes (Snake:4)
  A naga ritualist (Snake:1)
  A wizard (D:14)
  3 phantasmal warriors (Snake:3)
  3 bog bodies
  7 orc knights
  7 ugly things
  7 orc sorcerers (Orc:2)
  4 deep elf pyromancers
  A deep elf zephyrmancer (D:13)
  5 cyclopes
  6 will-o-the-wisps
  5 mana vipers
  6 salamanders
  The ghost of ZPRJase the Magician, a novice DjWz of Makhleb (D:7)
  5 elephants
  2 manticores
  A rust devil (Orc:2)
  7 guardian serpents
  26 black mambas
  2 ice statues (IceCv)
  An orange demon (Orc:2)
  12 naga magi
  2 cane toads
  3 gargoyles (D:12)
  An efreet (D:14)
  A tengu conjurer (D:13)
  6 komodo dragons
  3 kobold demonologists
  A rime drake (Lair:3)
  An ice devil (Orc:2)
  5 freezing wraiths
  2 spectral nagas (Snake:3)
  A merfolk (Swamp:1)
  Prince Ribbit (D:6)
  9 trolls
  13 hornets
  Grinder (D:3)
  A blink frog (shapeshifter) (D:8)
  6 tyrant leeches
  2 wraiths (D:13)
  A shadow (D:11)
  14 fire bats
  8 wyverns
  5 basilisks
  45 yaks
  4 steam dragons
  18 vampire mosquitoes
  A neqoxec (D:8)
  4 swamp worm simulacra (Swamp:4)
  20 swamp worms
  3 wargs
  23 nagas
  12 hydra simulacra (Swamp:4)
  2 acid dragons
  Edmund (D:5)
  12 water moccasins
  4 black bears
  4 hell hounds (Gauntlet)
  4 sky beasts
  A necrophage (D:7)
  26 orc warriors
  4 swamp drakes
  A black bear (shapeshifter) (D:13)
  A boggart (shapeshifter) (D:8)
  2 ice beasts
  14 ogres
  3 boggarts (D:15)
  4 centaurs
  8 wolves (Lair:3)
  2 phantoms
  Blork the orc (D:5)
  5 kobold brigands
  3 gnoll sergeants
  3 scorpions
  6 bullfrogs
  A killer bee (D:7)
  3 wights (D:9)
  3 howler monkeys
  An electric eel (D:10)
  A bullfrog zombie (D:7)
  4 centaur zombies
  7 centaur skeletons
  A hound (shapeshifter) (D:8)
  2 jellies (D:6)
  2 hounds (D:6)
  24 orc priests
  2 bullfrog skeletons
  Ijyb (D:3)
  4 iguanas
  7 orc wizards
  2 polar bear simulacra (IceCv)
  2 wolf simulacra (IceCv)
  A centaur simulacrum (D:9)
  A hound skeleton (D:4)
  Robin (D:3)
  14 gnolls
  A river rat (Sewer)
  5 adders
  A shadow imp (D:5)
  9 white imps
  3 ufetubi (Gauntlet)
  4 swamp drake simulacra (Swamp:4)
  2 dart slugs
  41 orcs
  5 endoplasms
  7 giant cockroaches
  15 goblins
  8 hobgoblins
  2 jackals (Sewer)
  6 kobolds
  7 quokkas
  3 ball pythons
  4 bats
  5 frilled lizards
  A jackal skeleton (D:4)
  6 rats
  4 briar patches (Swamp:1)
828 creatures vanquished.

Vanquished Creatures (collateral kills)
  A nagaraja (Snake:4)
  An orc knight (Orc:1)
  A cyclops (D:12)
  2 orc warriors (Orc:1)
  An orc priest (Orc:1)
  6 white imps (D:12)
  A dart slug (shapeshifter) (D:8)
  2 orcs (Orc:1)
15 creatures vanquished.

Vanquished Creatures (others)
  A hydra (Swamp:3)
  A bloated husk (Swamp:1)
  A briar patch (Swamp:1)
  14 foxfires
  8 fungi
  64 plants
89 creatures vanquished.

Grand Total: 932 creatures vanquished

Notes
Turn   | Place    | Note
-------+----------+-------------------------------------------
     0 | D:1      | mhtbhm the Minotaur Berserker began the quest for the Orb.
     0 | D:1      | Reached XP level 1. HP: 19/19 MP: 0/0
   400 | D:1      | Reached XP level 2. HP: 25/27 MP: 1/1
   517 | D:1      | Found a faded altar of an unknown god.
  1363 | D:2      | Found Eheucen's Antique Armour Shop.
  1375 | D:2      | Found a radiant altar of Vehumet.
  1436 | D:2      | Reached XP level 3. HP: 33/33 MP: 2/2
  1572 | D:2      | Reached ** piety under Trog
  2022 | D:3      | Reached XP level 4. HP: 38/41 MP: 3/3
  2060 | D:3      | Noticed Robin
  2061 | D:3      | Noticed Grinder
  2071 | D:3      | Killed Grinder
  2072 | D:3      | Reached skill level 5 in Fighting
  2072 | D:3      | Reached skill level 5 in Axes
  2072 | D:3      | Reached skill level 3 in Armour
  2072 | D:3      | Reached XP level 5. HP: 45/48 MP: 4/4
  2073 | D:3      | Reached XP level 6. HP: 53/56 MP: 5/5
  2081 | D:3      | Killed Robin
  2365 | D:3      | Noticed a +0 spear
  2366 | D:3      | Noticed a +0 dagger
  2366 | D:3      | Noticed a +0 falchion
  2367 | D:3      | Noticed a +0 short sword
  2369 | D:3      | Noticed a +0 dagger
  2374 | D:3      | Noticed a +0 falchion
  2404 | D:3      | Noticed a +0 spear
  2405 | D:3      | Noticed a +0 short sword
  2571 | D:3      | Noticed Ijyb
  2574 | D:3      | Paralysed by Ijyb for 7 turns
  2582 | D:3      | Killed Ijyb
  2779 | D:3      | Found a hide-covered altar of Uskayaw.
  2841 | D:3      | Found a glowing golden altar of the Shining One.
  3176 | D:4      | Reached skill level 1 in Stealth
  3185 | D:4      | Reached XP level 7. HP: 63/63 MP: 6/6
  3270 | D:4      | Reached *** piety under Trog
  3459 | D:4      | Found a glowing drain.
  3474 | Sewer    | Entered a sewer
  3593 | Sewer    | Found a glowing silver altar of Zin.
  4163 | D:5      | Entered Level 5 of the Dungeon
  4192 | D:5      | Noticed Blork the orc
  4202 | D:5      | Killed Blork the orc
  4206 | D:5      | Reached skill level 5 in Dodging
  4361 | D:5      | Found a staircase to the Ecumenical Temple.
  4364 | D:5      | Noticed Edmund
  4380 | D:5      | Killed Edmund
  4381 | D:5      | Reached XP level 8. HP: 43/71 MP: 7/7
  4984 | D:5      | Reached **** piety under Trog
  5020 | D:5      | Found a shimmering altar of Xom.
  5213 | D:5      | Found Haud's Distillery.
  5592 | D:6      | Noticed Prince Ribbit
  5603 | D:6      | Killed Prince Ribbit
  5690 | D:6      | Reached XP level 9. HP: 80/80 MP: 8/8
  5797 | D:6      | Reached skill level 4 in Armour
  6387 | D:7      | Reached skill level 10 in Axes
  6916 | D:7      | Found a runed translucent door.
  6959 | D:7      | Noticed ZPRJase's ghost (novice DjWz)
  6969 | D:7      | Killed ZPRJase's ghost
  6970 | D:7      | Reached skill level 5 in Armour
  7232 | D:8      | Reached XP level 10. HP: 91/91 MP: 9/9
  7340 | D:8      | Found a shimmering blue altar of Sif Muna.
  7475 | D:8      | Found an ancient bone altar of Kikubaaqudgha.
  7477 | D:8      | Found a broken altar of Ashenzari.
  7477 | D:8      | Found an iron altar of Okawaru.
  7484 | D:8      | Reached skill level 6 in Armour
  7498 | D:8      | Found an opulent altar of Gozag.
  7521 | D:8      | Found a runed translucent gate.
  7521 | D:8      | Noticed a cyan ugly thing
  7521 | D:8      | Noticed a cyan ugly thing
  7522 | D:8      | Found a runed translucent gate.
  7522 | D:8      | Found a runed translucent gate.
  7522 | D:8      | Noticed a cyan ugly thing
  7522 | D:8      | Noticed a purple ugly thing
  7523 | D:8      | Noticed a red ugly thing
  7656 | D:8      | Found a radiant altar of Vehumet.
  7664 | D:8      | Noticed a two-headed ogre
  7694 | D:8      | Killed a two-headed ogre
  7754 | D:8      | Reached skill level 7 in Armour
  8266 | D:9      | Reached skill level 10 in Fighting
  8360 | D:9      | Found a shadowy altar of Dithmenos.
  8564 | D:9      | Identified the +9 demon whip of Dominance {flame, Will+}
  8593 | D:9      | Reached ***** piety under Trog
  8716 | D:9      | Found Ematet's Demolitions Depot.
  8838 | D:9      | Reached XP level 11. HP: 100/100 MP: 10/10
  9055 | D:8      | Killed a brown ugly thing
  9056 | D:8      | Reached skill level 1 in Maces & Flails
  9059 | D:8      | Killed a white ugly thing
  9062 | D:8      | Killed a brown ugly thing
  9063 | D:8      | Reached skill level 8 in Armour
  9068 | D:8      | Killed a red ugly thing
  9071 | D:8      | Killed a red ugly thing
  9104 | D:8      | Found a runed translucent gate.
  9104 | D:8      | Found a runed translucent gate.
  9109 | D:8      | Found a runed translucent gate.
  9114 | D:8      | Noticed an orb spider
  9118 | D:8      | Noticed SweetAndFullOfGrace's ghost (novice MiBe)
  9125 | D:8      | an orb spider changed into a rime drake
  9127 | D:8      | Noticed a shining eye
  9180 | D:8      | Noticed a two-headed ogre
  9180 | D:8      | a merfolk changed into a two-headed ogre
  9196 | D:8      | Noticed a wolf spider
  9196 | D:8      | a two-headed ogre changed into a wolf spider
  9197 | D:8      | Noticed an orb spider
  9197 | D:8      | a troll changed into an orb spider
  9199 | D:8      | Noticed a harpy
  9199 | D:8      | a blink frog changed into a harpy
  9200 | D:8      | Noticed a bunyip
  9200 | D:8      | a wolf spider changed into a bunyip
  9320 | D:8      | Killed SweetAndFullOfGrace's ghost
  9618 | D:10     | Entered Level 10 of the Dungeon
  9750 | D:10     | Found a staircase to the Lair.
  9766 | D:10     | Reached skill level 5 in Maces & Flails
  9862 | D:10     | Noticed Sonja
  9869 | D:10     | Killed Sonja
  9986 | D:10     | Noticed a two-headed ogre
  9987 | D:10     | Noticed a two-headed ogre
  9993 | D:10     | Killed a two-headed ogre
  9995 | D:10     | Killed a two-headed ogre
 10064 | D:10     | Found a sparkling altar of Nemelex Xobeh.
 10119 | D:10     | Found Ywiolehe's Antique Weapon Boutique.
 10319 | D:11     | Noticed a two-headed ogre
 10323 | D:11     | Killed a two-headed ogre
 10340 | D:11     | Reached XP level 12. HP: 110/110 MP: 11/11
 10434 | D:11     | Noticed a two-headed ogre
 10443 | D:11     | Killed a two-headed ogre
 10636 | D:11     | Noticed a seven-headed hydra
 10643 | D:11     | Killed a seven-headed hydra
 10644 | D:11     | Reached skill level 1 in Evocations
 11081 | D:12     | Found a frozen archway.
 11096 | D:12     | Reached skill level 9 in Armour
 11105 | D:12     | Reached skill level 10 in Maces & Flails
 11118 | D:12     | Received a gift from Trog
 11135 | IceCv    | Entered an ice cave
 11163 | IceCv    | Reached skill level 1 in Shields
 11421 | IceCv    | Found a transporter.
 11442 | IceCv    | Found a transporter.
 12068 | D:12     | Noticed a boulder beetle
 12106 | D:12     | Killed a boulder beetle
 12410 | D:12     | Noticed a five-headed hydra
 12416 | D:12     | Killed a five-headed hydra
 12417 | D:12     | Found a staircase to the Orcish Mines.
 12733 | Orc:1    | Entered Level 1 of the Orcish Mines
 13032 | Orc:1    | You fall into a shaft and drop 1 floor!
 13032 | Orc:2    | Entered Level 2 of the Orcish Mines
 13393 | Orc:2    | Found Qejuochy's Magic Scroll Shoppe.
 13400 | Orc:2    | Found Vacipsy's Assorted Antiques.
 13521 | Orc:2    | Reached XP level 13. HP: 108/119 MP: 12/12
 13686 | Orc:2    | Found Vehayps's Magic Scroll Emporium.
 13845 | Orc:2    | Bought a scroll of identify for 28 gold pieces
 13845 | Orc:2    | Bought a scroll of identify for 28 gold pieces
 13845 | Orc:2    | Bought a scroll of identify for 28 gold pieces
 13845 | Orc:2    | Bought a scroll of identify for 28 gold pieces
 13846 | Orc:2    | Identified a scroll of acquirement
 13882 | Orc:2    | Bought a scroll of identify for 24 gold pieces
 13960 | Orc:2    | Acquired a manual of Armour
 14249 | Orc:2    | Reached skill level 10 in Armour
 14914 | Orc:2    | Found a staircase to the Elven Halls.
 15476 | Orc:1    | Found a runed translucent gate.
 15477 | Orc:1    | Found a runed translucent gate.
 15478 | Orc:1    | Found a runed translucent gate.
 15511 | Orc:1    | Noticed Necsenou's ghost (journeyman GnWn)
 15547 | Orc:1    | Reached skill level 11 in Armour
 15556 | Orc:1    | Killed Necsenou's ghost
 15592 | Orc:1    | Identified the +1 helmet "Ejos Jel" {Int+5}
 15757 | Orc:2    | Reached skill level 12 in Armour
 15802 | Orc:2    | Received a gift from Trog
 16231 | Orc:2    | Reached skill level 13 in Armour
 16507 | Orc:2    | Found Ilif's Antique Weapon Boutique.
 16507 | Orc:2    | Found Wuvyifoz's Book Shop.
 16508 | Orc:2    | Found a one-way gate leading to the halls of Pandemonium.
 16515 | Orc:2    | Bought an iridescent dire flail for 261 gold pieces
 16515 | Orc:2    | Identified the +7 dire flail "Lotus" {vorpal, Int+2 Dex+2}
                  | (You bought it in a shop on level 2 of the Orcish Mines)
 16810 | Orc:1    | Found Teczil's Book Boutique.
 17392 | D:13     | Reached XP level 14. HP: 130/130 MP: 13/13
 17404 | D:13     | Found a gate to the Vaults.
 17425 | D:13     | Reached skill level 14 in Armour
 17542 | D:13     | Found a gate leading to a gauntlet.
 17546 | Gauntlet | Entered a Gauntlet
 17546 | Gauntlet | Found a transporter.
 17546 | Gauntlet | Found a transporter.
 17546 | Gauntlet | Found a transporter.
 17546 | Gauntlet | Found a transporter.
 17815 | Gauntlet | Found a transporter.
 17825 | Gauntlet | Found a transporter.
 17829 | Gauntlet | Found a transporter.
 17839 | Gauntlet | Found a transporter.
 17860 | Gauntlet | Found a transporter.
 17883 | Gauntlet | Found a transporter.
 17887 | Gauntlet | Found a transporter.
 17944 | Gauntlet | Found a transporter.
 18079 | Gauntlet | Identified the ring "Ruhicsa Rigo" {Fire Str+5 Stlth-}
 18162 | Gauntlet | Identified the ring "Gieci" {Will+ Str+4}
 18193 | Gauntlet | Received a gift from Trog
 18248 | Gauntlet | Identified the +2 hat of Moxehax {Str+2 Dex+4}
 18302 | Gauntlet | Found the +2 robe of Vines {NoPotionHeal Regen+++}
 18356 | Gauntlet | Identified the +8 dagger "Yffoiguifu" {vorpal, rElec rPois
                  | rC+ Dex+3}
 18421 | D:13     | Reached skill level 5 in Shields
 18775 | D:13     | You fall into a shaft and drop 2 floors!
 18775 | D:15     | Entered Level 15 of the Dungeon
 18993 | D:14     | Reached skill level 15 in Armour
 19799 | Lair:1   | Entered Level 1 of the Lair of Beasts
 20791 | Lair:2   | Found a dark tunnel.
 20796 | Volcano  | Entered a volcano
 20866 | Volcano  | Reached skill level 16 in Armour
 21045 | Volcano  | Received a gift from Trog
 21188 | Volcano  | Reached skill level 15 in Fighting
 21501 | Lair:2   | Reached XP level 15. HP: 141/141 MP: 14/14
 21521 | Lair:2   | Reached skill level 15 in Maces & Flails
 22195 | Lair:3   | Reached skill level 17 in Armour
 22702 | Lair:3   | Found a staircase to the Swamp.
 22861 | Swamp:1  | Entered Level 1 of the Swamp
 23465 | Swamp:1  | Noticed a thorn hunter
 23485 | Swamp:1  | Reached skill level 18 in Armour
 24096 | Swamp:1  | Killed a thorn hunter
 24325 | Swamp:1  | Noticed a tentacled monstrosity
 24344 | Swamp:1  | Killed a tentacled monstrosity
 24453 | Swamp:1  | Reached ****** piety under Trog
 24703 | Swamp:1  | Found a runed translucent door.
 24703 | Swamp:1  | Noticed a fenstrider witch
 24704 | Swamp:1  | Noticed Amet's ghost (journeyman MiBe)
 24725 | Swamp:1  | Killed Amet's ghost
 24728 | Swamp:1  | Killed a fenstrider witch
 25084 | Swamp:2  | Noticed Frances
 25094 | Swamp:2  | Killed Frances
 25665 | Swamp:2  | Reached skill level 19 in Armour
 26316 | Swamp:3  | Received a gift from Trog
 26318 | Swamp:3  | Reached XP level 16. HP: 151/151 MP: 15/15
 28010 | Swamp:4  | Entered Level 4 of the Swamp
 28560 | Swamp:4  | Reached skill level 10 in Dodging
 29358 | Swamp:4  | Reached skill level 20 in Armour
 29622 | Swamp:4  | Noticed a thorn hunter
 29633 | Swamp:4  | Killed a thorn hunter
 30934 | Swamp:4  | Received a gift from Trog
 31155 | Swamp:4  | Got a decaying rune of Zot
 31579 | Lair:3   | You fall into a shaft and drop 1 floor!
 31676 | Lair:4   | Found a staircase to the Snake Pit.
 32431 | Lair:4   | Noticed Rupert
 32438 | Lair:4   | Paralysed by Rupert for 5 turns
 32446 | Lair:4   | Killed Rupert
 32779 | Snake:1  | Entered Level 1 of the Snake Pit
 33453 | Snake:1  | Reached XP level 17. HP: 161/161 MP: 16/16
 33886 | Snake:2  | Found Nugun's Magic Scroll Shoppe.
 34226 | Snake:2  | You fall into a shaft and drop 1 floor!
 34647 | Snake:2  | Noticed Aizul
 34647 | Snake:2  | Noticed Vashnia
 34647 | Snake:2  | Noticed Asterion
 36311 | Snake:4  | Entered Level 4 of the Snake Pit
 36325 | Snake:4  | Reached skill level 21 in Armour
 36552 | Snake:4  | Received a gift from Trog
 37485 | Snake:4  | HP: 8/165 [naga warrior (16)]
 37486 | Snake:4  | Slain by a nagaraja

Illustrated notes

Levels and vault maps discovered:
D:1:      psy_arrival_dodecagon, layout_basic,
          shapermc_ecumenical_altar_hornbeckon
D:2:      layout_basic, basic_altar, serial_shops, shop
D:3:      layout_rooms, nicolae_uskayaw_en_pointe, marbit_many_paths,
          uniq_grinder, uniq_ijyb, uniq_robin
D:4:      layout_loops_ring, gup_sewer_entry_pipe
D:5:      layout_layer_cave, mainiacjoe_overflow_six_doors_small,
          minmay_temple_entry_ruins, serial_shops,
          nicolae_shop_competitors_out_of_business, uniq_edmund,
          uniq_blork_the_orc
D:6:      layout_rooms, serial_rivers, chequers_serial_rivers_small_b,
          chequers_serial_rivers_room_a, chequers_serial_rivers_large_a,
          chequers_serial_rivers_micro_a, chequers_serial_rivers_micro_e,
          chequers_serial_rivers_marsh, kennysheep_cross_room, st_stairs_3,
          uniq_prince_ribbit1
D:7:      layout_gridville, ebering_ghost_reflecting_pool, serial_rivers,
          chequers_serial_rivers_micro_e, chequers_serial_rivers_micro_a,
          chequers_serial_rivers_small_b, chequers_serial_rivers_micro_e,
          chequers_serial_rivers_micro_b, chequers_serial_rivers_micro_b,
          minmay_fractal_squares_5
D:8:      layout_gridville, amcnicky_altar_gilded, lemuel_doored_altar,
          nicolae_overflow_quartered_altars,
          ploomutoo_gammafunk_ghost_potion_laboratory, minmay_diced_spiral
D:9:      layout_cave_pods, mainiacjoe_overflow_concentric_impassable,
          hangedman_weighted_door, dk_noncrumbling_2, nicolae_blasting_shop
D:10:     layout_cave_pools, nemelex_spade_bored_becter, david_lair_generic,
          serial_shops, shop, serial_bayou_pond_b, uniq_sonja
D:11:     layout_gridville
D:12:     layout_loops_ring, orc_0_dummy, portal_ice_cave_entry_imps,
          kennysheep_generic_room_14
D:13:     layout_loops_ring, hangedman_vaults_entry_quadrant_bands,
          gauntlet_entry_generic
D:14:     layout_cave_pools, hex_medium, nicolae_straight_to_the_point
D:15:     hangedman_depths_entry_civil_slaughter, layout_loops_ring,
          minmay_misc_feat_x
Lair:1:   layout_cave_pods
Lair:2:   layout_regular_city, enter_volcano_4
Lair:3:   layout_hall_layers, minmay_swamp_entry_swarm, grunt_megastairs_3
Lair:4:   beast_lair_carwin_large_3, layout_cave_shapes,
          guppyfry_snake_entry_garden, minivault_24, uniq_rupert
Swamp:1:  cheibrodos_swamp_monstrosity, layout_basic_swamp,
          ebering_ghost_inner_flame, infiniplex_staircase_pool, swamp_pool1,
          nicolae_swamp_alligator_family
Swamp:2:  layout_falls_marsh, evilmike_swamp_ruin_house_4, uniq_frances
Swamp:3:  layout_basic_swamp, evilmike_swamp_ruin_house_6
Swamp:4:  swamp_icy, layout_basic_swamp, swamp_pool5, nicolae_swamp_no_escape
Snake:1:  layout_misc_corridors
Snake:2:  nicolae_aizul_guard, layout_onion_interference, serial_shops, shop,
          basic_altar, uniq_asterion, uniq_jorgrun, uniq_vashnia
Snake:3:  layout_layer_cave, nicolae_snake_ghostly_warrior_ritual,
          grunt_megastairs_5
Snake:4:  grunt_snake_rune_pools, layout_chambers, gammafunk_ghost_split,
          serial_bayou_lake_a, uniq_aizul
Orc:1:    layout_caves, biasface_ghost_orc_armoury, serial_shops, shop
Orc:2:    pf_orc_diabolical, layout_caves, serial_shops, shop_fountains

Skill      XL: |  1  2  3  4  5  6  7  8  9 10 11 12 13 14 15 16 17 |
---------------+----------------------------------------------------+-----
Axes           | 4 5 6 8 9 11 13 | 13.5
Fighting       | 4 5 6 7 9 10 11 12 13 15 17 18 | 18.3
Armour         | 3 5 7 8 9 13 16 19 20 21 | 21.3
Dodging        | 3 4 5 6 7 8 9 10 | 10.5
Stealth        | 1 2 3 4 |  4.4
Maces & Flails | 8 11 13 14 15 16 17 | 17.7
Evocations     | 2 3 |  3.1
Shields        | 2 4 6 7 8 9 |  9.8
Throwing       | |  0.1

Action                   |  1- 3 |  4- 6 |  7- 9 | 10-12 | 13-15 | 16-18 || total
-------------------------+-------+-------+-------+-------+-------+-------++-------
Melee: Hand axe          |    71 |    65 |   256 |   115 |       |       ||   507
       Headbutt          |     7 |     5 |    55 |    89 |   271 |   204 ||   631
       Demon whip        |       |       |       |   306 |   236 |       ||   542
       Dire flail        |       |       |       |       |   696 |   737 ||  1433
Throw: Dart              |       |       |       |     2 |       |       ||     2
Invok: Berserk           |     1 |     3 |     7 |    13 |    17 |    19 ||    60
       Brothers in Arms  |       |       |       |     2 |     1 |     1 ||     4
Evoke: Wand              |       |       |       |    12 |     8 |     2 ||    22
       Lightning rod     |       |       |       |       |     3 |       ||     3
       Phantom mirror    |       |       |       |       |       |     1 ||     1
  Use: Scroll            |     2 |       |     2 |     3 |    20 |     5 ||    32
       Potion            |       |       |     1 |     8 |     1 |    12 ||    22
 Stab: Sleeping          |       |       |     1 |     1 |       |       ||     2
       Paralysed         |       |       |       |     2 |     3 |       ||     5
       Distracted        |       |       |       |       |     1 |       ||     1
Armor: Animal skin       |     7 |    12 |    11 |       |       |       ||    30
       Leather armour    |       |       |    20 |       |       |       ||    20
       Plate armour      |       |       |    15 |       |   353 |       ||   368
       Ring mail         |       |       |    13 |    92 |    10 |       ||   115
       Chain mail        |       |       |       |       |    52 |   428 ||   480
Dodge: Dodged            |    44 |    39 |   185 |   263 |   446 |   437 ||  1414
Block: Other             |       |       |       |    29 |   164 |   139 ||   332
       Reflection        |       |       |       |     4 |     4 |    10 ||    18
